[ AOE2 MATCH · #458264252 ]
UnrankedChinese vs Turks
[ REPLAY ANALYSIS · EXTRACTED FROM THE RECORDED GAME ]
Feudal
14:35
Castle
18:55
Imperial
33:06
| APM avg | 25.9 |
| APM peak | 81 |
| eAPM avg | 17.7 |
| Villagers / military | 109 / 119 |
Focus
⚔️ 16.5% · 🌾 83.5%
Spearman ×88 · Scorpion ×20 · Iron Pagoda ×10 · Trade Cart ×7 · Monk ×1
Feudal
—
Castle
—
Imperial
—
| APM avg | 21.1 |
| APM peak | 43 |
| eAPM avg | 12.8 |
| Villagers / military | 99 / 87 |
Focus
⚔️ 19.8% · 🌾 80.2%
Hand Cannoneer ×63 · Bombard Cannon ×12 · Scout Cavalry ×10 · Fishing Ship ×7 · Demolition Raft ×2
Feudal
11:54
Castle
18:03
Imperial
32:49
| APM avg | 17.3 |
| APM peak | 50 |
| eAPM avg | 8.9 |
| Villagers / military | 80 / 112 |
Focus
⚔️ 23.3% · 🌾 76.7%
Hand Cannoneer ×95 · Spearman ×6 · Bombard Cannon ×6 · Militia ×5
Feudal
13:57
Castle
18:19
Imperial
36:13
| APM avg | 20.3 |
| APM peak | 34 |
| eAPM avg | 13.4 |
| Villagers / military | 101 / 117 |
Focus
⚔️ 30.8% · 🌾 69.2%
Samurai ×59 · Skirmisher ×25 · Trade Cart ×21 · Archer ×18 · Battering Ram ×7 · Trebuchet (Packed) ×5
Feudal
10:33
Castle
14:30
Imperial
30:26
| APM avg | 28.2 |
| APM peak | 69 |
| eAPM avg | 15.8 |
| Villagers / military | 113 / 117 |
Focus
⚔️ 15.0% · 🌾 85.0%
Hand Cannoneer ×93 · Fishing Ship ×14 · Conquistador ×14 · Trade Cart ×9 · Bombard Cannon ×9 · Monk ×1
Feudal
—
Castle
—
Imperial
—
| APM avg | 24.1 |
| APM peak | 59 |
| eAPM avg | 17.7 |
| Villagers / military | 106 / 99 |
Focus
⚔️ 45.5% · 🌾 54.5%
Unknown (2550) ×176 · Skirmisher ×53 · Spearman ×37 · Monk ×5 · Mangonel ×4
Feudal
11:23
Castle
15:41
Imperial
31:35
| APM avg | 13.0 |
| APM peak | 28 |
| eAPM avg | 11.3 |
| Villagers / military | 142 / 141 |
Focus
⚔️ 25.8% · 🌾 74.2%
Scout Cavalry ×89 · Battle Elephant ×34 · Trade Cart ×13 · Ballista Elephant ×13 · Trebuchet (Packed) ×3 · Monk ×2
Feudal
11:15
Castle
19:00
Imperial
28:39
| APM avg | 26.5 |
| APM peak | 67 |
| eAPM avg | 12.8 |
| Villagers / military | 93 / 142 |
Focus
⚔️ 36.8% · 🌾 63.2%
Skirmisher ×93 · Spearman ×35 · Cataphract ×8 · Archer ×3 · Mangonel ×2 · Monk ×1
Match map
Initial resources + every placement click. Lines = walls · curves = elevation contours. ◆ gold · ⬟ stone · ● berries · ✦ relic · ◌ wall gap
Your base· Open — opponent sealed themselves in
RASHTRAKOOTA's base· ✓ Closed at 14:56 · 25t walls · no gate
Wlochaty Dzik's base· Open — opponent sealed themselves in
Turcotaure's base· ✓ Closed at 18:19 · 63t walls · 1 gate(s)
Hypérion's base· ✓ Closed at 14:30 · 0t walls · no gate
DeadpanFox71524's base· Open — opponent sealed themselves in
agnak3's base· ✓ Closed at 15:41 · 0t walls · no gate
Killer_Master69's base· ✓ Closed at 19:00 · 19t walls · no gate
Smoothed initial terrain · ◌ = detected wall gap · hover for details
Inputs per minute
— Tomuszek - - RASHTRAKOOTA
Build order — Tomuszek
First 150 of 311 actions detected
| 0:06 | Build | House |
| 0:17 | Build | Palisade Wall |
| 0:27 | Build | Palisade Wall |
| 0:34 | Research | Loom |
| 1:49 | Build | House |
| 1:54 | Build | House |
| 2:12 | Create | Villager (Male) |
| 2:28 | Build | Palisade Wall |
| 2:31 | Create | Villager (Male) |
| 3:25 | Create | Villager (Male) |
| 3:39 | Create | Villager (Male) |
| 4:24 | Create | Villager (Male) |
| 4:46 | Create | Villager (Male) |
| 5:24 | Build | Lumber Camp |
| 5:27 | Create | Villager (Male) |
| 5:47 | Create | Villager (Male) |
| 6:17 | Create | Villager (Male) |
| 7:08 | Create | Villager (Male) |
| 7:18 | Build | Mill |
| 7:30 | Create | Villager (Male) |
| 7:54 | Create | Villager (Male) |
| 8:29 | Create | Villager (Male) |
| 8:43 | Create | Villager (Male) |
| 9:03 | Create | Villager (Male) |
| 9:40 | Build | Mill |
| 9:46 | Create | Villager (Male) |
| 9:56 | Build | House |
| 10:18 | Create | Villager (Male) |
| 10:35 | Create | Villager (Male) |
| 11:02 | Create | Villager (Male) |
| 11:34 | Create | Villager (Male) |
| 12:00 | Create | Villager (Male) |
| 12:08 | Build | Mining Camp |
| 12:25 | Research | Feudal Age |
| 12:25 | Research | Feudal Age |
| 12:39 | Create | Villager (Male) |
| 12:39 | Create | Villager (Male) |
| 12:39 | Create | Villager (Male) |
| 14:32 | Build | Lumber Camp |
| 14:35 | Age | Feudal Age |
| 14:42 | Research | Horse Collar |
| 14:52 | Build | Blacksmith |
| 14:56 | Build | Market |
| 15:50 | Create | Villager (Male) |
| 15:55 | Build | Mining Camp |
| 16:10 | Research | Castle Age |
| 16:20 | Build | House |
| 16:22 | Build | House |
| 17:25 | Research | Stone Mining |
| 17:45 | Create | Villager (Male) |
| 17:46 | Create | Villager (Male) |
| 18:02 | Build | Farm |
| 18:03 | Build | Farm |
| 18:04 | Build | Farm |
| 18:06 | Build | Farm |
| 18:41 | Build | Stone Wall |
| 18:53 | Build | Stone Wall |
| 18:55 | Age | Castle Age |
| 18:56 | Build | Stone Wall |
| 19:05 | Build | Town Center |
| 19:23 | Build | Farm |
| 19:25 | Build | Farm |
| 19:36 | Build | Gate |
| 19:42 | Build | Gate |
| 19:54 | Build | Mining Camp |
| 19:56 | Create | Villager (Male) |
| 19:58 | Build | Farm |
| 20:04 | Research | Heavy Plow |
| 20:13 | Create | Villager (Male) |
| 20:13 | Create | Villager (Male) |
| 20:30 | Create | Villager (Male) |
| 20:36 | Build | Farm |
| 20:42 | Build | Farm |
| 21:04 | Build | Farm |
| 21:11 | Create | Villager (Male) |
| 21:15 | Build | Farm |
| 21:17 | Create | Villager (Male) |
| 21:35 | Create | Villager (Male) |
| 21:41 | Build | Farm |
| 21:52 | Create | Villager (Male) |
| 21:57 | Build | Farm |
| 22:06 | Research | Double-Bit Axe |
| 22:31 | Build | Farm |
| 22:37 | Build | Farm |
| 22:54 | Build | Castle |
| 23:01 | Create | Villager (Male) |
| 23:02 | Create | Villager (Male) |
| 23:08 | Research | Wheelbarrow |
| 23:08 | Research | Wheelbarrow |
| 23:23 | Build | Monastery |
| 23:28 | Create | Villager (Male) |
| 23:29 | Create | Villager (Male) |
| 23:39 | Build | Farm |
| 23:46 | Create | Villager (Male) |
| 23:47 | Create | Villager (Male) |
| 23:47 | Create | Villager (Male) |
| 24:08 | Create | Villager (Male) |
| 24:08 | Create | Villager (Male) |
| 24:12 | Create | Monk |
| 24:36 | Build | House |
| 24:36 | Build | House |
| 24:36 | Build | House |
| 24:36 | Build | House |
| 24:37 | Build | House |
| 24:41 | Create | Villager (Male) |
| 24:41 | Create | Villager (Male) |
| 24:41 | Create | Villager (Male) |
| 24:41 | Create | Villager (Male) |
| 25:11 | Create | Villager (Male) |
| 25:11 | Create | Villager (Male) |
| 25:11 | Create | Villager (Male) |
| 25:19 | Build | Town Center |
| 25:26 | Create | Villager (Male) |
| 25:26 | Create | Villager (Male) |
| 25:26 | Create | Villager (Male) |
| 25:33 | Build | Farm |
| 25:35 | Build | Farm |
| 25:47 | Create | Villager (Male) |
| 25:50 | Create | Villager (Male) |
| 25:54 | Build | Farm |
| 25:55 | Build | Farm |
| 26:17 | Build | Farm |
| 26:52 | Research | Hand Cart |
| 26:54 | Create | Villager (Male) |
| 26:54 | Create | Villager (Male) |
| 26:54 | Create | Villager (Male) |
| 26:55 | Create | Villager (Male) |
| 26:58 | Build | Farm |
| 27:04 | Build | Farm |
| 27:15 | Build | Farm |
| 27:40 | Create | Villager (Male) |
| 27:43 | Create | Villager (Male) |
| 27:44 | Create | Villager (Male) |
| 27:44 | Create | Villager (Male) |
| 27:44 | Create | Villager (Male) |
| 27:44 | Create | Villager (Male) |
| 27:45 | Create | Villager (Male) |
| 27:47 | Build | Farm |
| 27:48 | Build | Farm |
| 27:51 | Build | Farm |
| 27:55 | Build | Farm |
| 28:03 | Build | Farm |
| 28:05 | Build | Farm |
| 28:11 | Create | Villager (Male) |
| 28:12 | Create | Villager (Male) |
| 28:12 | Create | Villager (Male) |
| 28:36 | Create | Villager (Male) |
| 28:36 | Create | Villager (Male) |
| 28:37 | Create | Villager (Male) |
| 28:37 | Create | Villager (Male) |
Build order — RASHTRAKOOTA
First 150 of 280 actions detected
| 0:02 | Create | Villager (Male) |
| 0:02 | Create | Villager (Male) |
| 0:03 | Build | House |
| 0:07 | Build | House |
| 0:18 | Create | Villager (Male) |
| 0:18 | Create | Villager (Male) |
| 0:18 | Create | Villager (Male) |
| 0:25 | Research | Loom |
| 0:25 | Create | Villager (Male) |
| 0:25 | Create | Villager (Male) |
| 0:25 | Create | Villager (Male) |
| 1:35 | Build | Palisade Wall |
| 1:57 | Create | Villager (Male) |
| 1:57 | Create | Villager (Male) |
| 2:25 | Build | Palisade Wall |
| 2:30 | Build | Palisade Wall |
| 2:35 | Create | Villager (Male) |
| 2:35 | Create | Villager (Male) |
| 3:00 | Build | Palisade Wall |
| 3:07 | Create | Villager (Male) |
| 3:07 | Create | Villager (Male) |
| 3:30 | Create | Villager (Male) |
| 3:30 | Create | Villager (Male) |
| 3:51 | Create | Villager (Male) |
| 3:51 | Create | Villager (Male) |
| 4:06 | Build | House |
| 4:20 | Create | Villager (Male) |
| 4:21 | Create | Villager (Male) |
| 4:51 | Build | Lumber Camp |
| 5:32 | Create | Villager (Male) |
| 5:32 | Create | Villager (Male) |
| 6:22 | Create | Villager (Male) |
| 6:22 | Create | Villager (Male) |
| 6:22 | Create | Villager (Male) |
| 6:54 | Build | House |
| 7:39 | Create | Villager (Male) |
| 7:39 | Create | Villager (Male) |
| 7:45 | Build | Dock |
| 8:08 | Create | Villager (Male) |
| 8:15 | Build | House |
| 8:29 | Create | Fishing Ship |
| 8:46 | Create | Villager (Male) |
| 9:00 | Build | Mining Camp |
| 9:11 | Create | Villager (Male) |
| 9:31 | Create | Villager (Male) |
| 10:01 | Create | Fishing Ship |
| 10:02 | Create | Fishing Ship |
| 10:14 | Research | Feudal Age |
| 11:13 | Build | Mill |
| 11:39 | Create | Fishing Ship |
| 12:04 | Create | Villager (Male) |
| 12:04 | Create | Villager (Male) |
| 12:31 | Build | Market |
| 12:55 | Research | Wheelbarrow |
| 13:16 | Create | Demolition Raft |
| 13:20 | Create | Fishing Ship |
| 13:29 | Build | House |
| 13:58 | Build | Blacksmith |
| 14:13 | Create | Villager (Male) |
| 14:32 | Create | Demolition Raft |
| 14:37 | Create | Fishing Ship |
| 14:56 | Research | Castle Age |
| 15:20 | Build | Fish Trap |
| 15:26 | Build | Fish Trap |
| 15:45 | Build | House |
| 15:52 | Build | Fish Trap |
| 16:43 | Create | Villager (Male) |
| 17:03 | Build | Fish Trap |
| 17:12 | Build | Fish Trap |
| 17:44 | Create | Villager (Male) |
| 17:59 | Build | Stone Wall |
| 18:04 | Create | Villager (Male) |
| 18:28 | Build | Fish Trap |
| 18:50 | Build | Fish Trap |
| 18:54 | Create | Villager (Male) |
| 18:55 | Create | Villager (Male) |
| 19:27 | Build | Monastery |
| 19:40 | Create | Villager (Male) |
| 19:48 | Create | Villager (Male) |
| 20:06 | Build | University |
| 20:11 | Create | Villager (Male) |
| 20:29 | Build | Siege Workshop |
| 20:38 | Research | Town Watch |
| 21:40 | Research | Imperial Age |
| 22:09 | Build | House |
| 22:10 | Build | House |
| 22:17 | Build | Barracks |
| 22:26 | Research | Horse Collar |
| 22:30 | Build | Farm |
| 22:31 | Build | Farm |
| 22:32 | Build | Farm |
| 22:34 | Build | Farm |
| 22:35 | Build | Farm |
| 22:40 | Build | Farm |
| 22:42 | Build | Farm |
| 22:43 | Build | Farm |
| 22:45 | Build | Farm |
| 22:50 | Create | Fishing Ship |
| 23:01 | Build | House |
| 23:18 | Build | Archery Range |
| 23:20 | Build | Archery Range |
| 23:32 | Build | Farm |
| 23:37 | Build | Farm |
| 23:40 | Create | Villager (Male) |
| 23:44 | Research | Double-Bit Axe |
| 24:14 | Research | Bow Saw |
| 24:24 | Build | Fish Trap |
| 24:32 | Create | Villager (Male) |
| 24:39 | Research | Gold Mining |
| 24:53 | Create | Hand Cannoneer |
| 24:54 | Create | Hand Cannoneer |
| 24:54 | Create | Hand Cannoneer |
| 24:54 | Create | Hand Cannoneer |
| 25:14 | Create | Bombard Cannon |
| 25:23 | Create | Villager (Male) |
| 25:36 | Build | House |
| 25:37 | Build | House |
| 25:40 | Create | Hand Cannoneer ×4 |
| 25:50 | Create | Villager (Male) |
| 25:54 | Build | Farm |
| 25:55 | Build | Farm |
| 26:07 | Create | Villager (Male) |
| 26:12 | Create | Bombard Cannon |
| 26:19 | Create | Hand Cannoneer ×5 |
| 26:21 | Create | Hand Cannoneer ×3 |
| 26:31 | Create | Villager (Male) |
| 26:31 | Create | Villager (Male) |
| 26:39 | Build | Archery Range |
| 26:45 | Research | Padded Archer Armor |
| 27:11 | Create | Hand Cannoneer ×4 |
| 27:21 | Build | House |
| 27:22 | Build | House |
| 27:23 | Build | House |
| 27:24 | Build | House |
| 27:26 | Create | Villager (Male) |
| 27:26 | Create | Villager (Male) |
| 27:45 | Build | Gate |
| 28:04 | Create | Hand Cannoneer ×3 |
| 28:20 | Create | Villager (Male) |
| 28:20 | Create | Villager (Male) |
| 28:20 | Create | Villager (Male) |
| 28:47 | Create | Bombard Cannon |
| 28:50 | Create | Hand Cannoneer ×2 |
| 29:02 | Build | Mining Camp |
| 29:19 | Build | House |
| 29:19 | Build | House |
| 29:22 | Create | Villager (Male) |
| 29:22 | Create | Villager (Male) |
| 30:00 | Create | Hand Cannoneer ×5 |
| 30:01 | Create | Hand Cannoneer ×5 |
Build order — Wlochaty Dzik
First 150 of 217 actions detected
| 0:01 | Create | Villager (Male) |
| 0:02 | Create | Villager (Male) |
| 0:02 | Create | Villager (Male) |
| 0:02 | Create | Villager (Male) |
| 0:04 | Build | House |
| 0:05 | Build | House |
| 1:36 | Create | Villager (Male) |
| 1:48 | Build | Lumber Camp |
| 1:59 | Create | Villager (Male) |
| 2:23 | Create | Villager (Male) |
| 3:16 | Create | Villager (Male) |
| 3:16 | Create | Villager (Male) |
| 3:45 | Build | House |
| 3:47 | Build | House |
| 4:09 | Create | Villager (Male) |
| 4:23 | Create | Villager (Male) |
| 4:51 | Create | Villager (Male) |
| 5:08 | Create | Villager (Male) |
| 5:21 | Build | Mill |
| 5:36 | Research | Loom |
| 5:38 | Create | Villager (Male) |
| 6:26 | Create | Villager (Male) |
| 6:53 | Create | Villager (Male) |
| 7:09 | Create | Villager (Male) |
| 7:17 | Create | Villager (Male) |
| 8:02 | Build | Mining Camp |
| 8:28 | Create | Villager (Male) |
| 8:38 | Create | Villager (Male) |
| 9:04 | Build | Mill |
| 9:15 | Create | Villager (Male) |
| 9:44 | Research | Feudal Age |
| 10:49 | Create | Villager (Male) |
| 11:54 | Age | Feudal Age |
| 11:55 | Research | Horse Collar |
| 11:56 | Research | Double-Bit Axe |
| 12:02 | Build | House |
| 12:05 | Create | Villager (Male) |
| 12:09 | Research | Wheelbarrow |
| 12:09 | Create | Villager (Male) |
| 12:12 | Research | Wheelbarrow |
| 12:13 | Create | Villager (Male) |
| 12:16 | Build | House |
| 12:22 | Build | Farm |
| 12:22 | Build | Farm |
| 12:22 | Build | Farm |
| 12:22 | Build | Farm |
| 12:24 | Build | Farm |
| 12:31 | Build | Market |
| 12:40 | Build | Blacksmith |
| 13:26 | Build | Farm |
| 13:29 | Build | Farm |
| 13:30 | Build | Farm |
| 13:42 | Create | Villager (Male) |
| 14:14 | Build | Farm |
| 14:16 | Build | Farm |
| 14:33 | Create | Villager (Male) |
| 15:23 | Research | Castle Age |
| 15:28 | Build | Farm |
| 16:00 | Build | Barracks |
| 16:07 | Build | Barracks |
| 17:03 | Create | Spearman |
| 17:04 | Create | Spearman |
| 17:04 | Create | Spearman |
| 17:18 | Research | Man-at-Arms (upgrade) |
| 17:18 | Create | Militia |
| 17:19 | Create | Militia |
| 17:43 | Research | Scale Mail Armor |
| 17:44 | Research | Forging |
| 18:03 | Age | Castle Age |
| 18:06 | Research | Man-at-Arms (upgrade) |
| 18:16 | Build | Town Center |
| 18:21 | Create | Villager (Male) |
| 18:21 | Create | Villager (Male) |
| 18:27 | Build | Town Center |
| 18:33 | Create | Villager (Male) |
| 18:33 | Create | Villager (Male) |
| 18:40 | Research | Pikeman (upgrade) |
| 18:42 | Create | Militia |
| 18:42 | Create | Spearman |
| 19:18 | Build | House |
| 19:19 | Build | House |
| 19:23 | Build | House |
| 19:26 | Build | House |
| 19:33 | Create | Villager (Male) |
| 20:09 | Create | Villager (Male) |
| 20:28 | Create | Villager (Male) |
| 20:28 | Create | Villager (Male) |
| 20:34 | Create | Villager (Male) |
| 20:37 | Create | Villager (Male) |
| 20:37 | Create | Villager (Male) |
| 20:38 | Create | Villager (Male) |
| 20:57 | Build | Farm |
| 20:58 | Build | Farm |
| 21:00 | Build | Farm |
| 21:01 | Build | Farm |
| 21:04 | Create | Villager (Male) |
| 21:06 | Create | Villager (Male) |
| 21:06 | Create | Villager (Male) |
| 21:10 | Create | Villager (Male) |
| 21:13 | Create | Villager (Male) |
| 21:14 | Create | Villager (Male) |
| 22:00 | Create | Villager (Male) |
| 22:00 | Create | Villager (Male) |
| 22:01 | Create | Villager (Male) |
| 22:01 | Create | Villager (Male) |
| 22:05 | Create | Villager (Male) |
| 22:05 | Create | Villager (Male) |
| 22:11 | Build | House |
| 22:12 | Build | House |
| 22:14 | Build | House |
| 22:15 | Build | House |
| 22:17 | Build | House |
| 22:18 | Build | House |
| 22:20 | Build | House |
| 22:21 | Build | House |
| 22:26 | Create | Villager (Male) |
| 22:27 | Create | Villager (Male) |
| 22:30 | Create | Villager (Male) |
| 22:37 | Research | Long Swordsman (upgrade) |
| 22:38 | Create | Militia |
| 22:38 | Create | Spearman |
| 22:41 | Create | Spearman |
| 22:44 | Create | Militia |
| 23:28 | Build | Siege Workshop |
| 23:33 | Build | Archery Range |
| 23:35 | Build | Archery Range |
| 23:49 | Build | University |
| 23:53 | Create | Villager (Male) |
| 23:54 | Create | Villager (Male) |
| 23:55 | Create | Villager (Male) |
| 23:55 | Create | Villager (Male) |
| 23:58 | Create | Villager (Male) |
| 23:58 | Create | Villager (Male) |
| 24:05 | Build | Monastery |
| 24:13 | Create | Villager (Male) |
| 24:14 | Create | Villager (Male) |
| 24:16 | Create | Villager (Male) |
| 24:45 | Research | Chain Mail Armor |
| 24:48 | Research | Padded Archer Armor |
| 25:06 | Build | Farm |
| 25:07 | Build | Farm |
| 25:09 | Build | Farm |
| 25:16 | Build | Farm |
| 25:17 | Build | Farm |
| 25:21 | Build | Farm |
| 25:25 | Build | Farm |
| 25:29 | Create | Villager (Male) |
| 25:29 | Create | Villager (Male) |
| 25:32 | Create | Villager (Male) |
| 25:32 | Create | Villager (Male) |
Build order — Turcotaure
First 150 of 376 actions detected
| 0:02 | Research | Loom |
| 0:04 | Create | Villager (Male) ×4 |
| 0:30 | Build | Palisade Wall |
| 0:44 | Build | Palisade Wall |
| 0:58 | Build | House |
| 1:02 | Build | House |
| 1:24 | Build | House |
| 1:25 | Build | House |
| 1:27 | Build | House |
| 1:29 | Build | House |
| 1:31 | Build | House |
| 2:31 | Build | Palisade Wall |
| 2:44 | Create | Villager (Male) |
| 3:42 | Create | Villager (Male) |
| 4:26 | Create | Villager (Male) |
| 4:26 | Create | Villager (Male) |
| 4:56 | Create | Villager (Male) |
| 4:56 | Create | Villager (Male) |
| 5:13 | Create | Villager (Male) |
| 5:47 | Create | Villager (Male) |
| 5:48 | Create | Villager (Male) |
| 5:48 | Create | Villager (Male) |
| 6:04 | Build | Lumber Camp |
| 6:12 | Build | Lumber Camp |
| 7:03 | Build | House |
| 7:08 | Create | Villager (Male) |
| 7:42 | Create | Villager (Male) |
| 7:42 | Create | Villager (Male) |
| 7:43 | Create | Villager (Male) |
| 7:54 | Build | Mill |
| 8:55 | Build | Mill |
| 8:57 | Create | Villager (Male) |
| 8:57 | Create | Villager (Male) |
| 9:33 | Create | Villager (Male) |
| 9:45 | Build | Dock |
| 9:48 | Create | Villager (Male) |
| 10:33 | Create | Fishing Ship |
| 10:40 | Create | Villager (Male) |
| 10:53 | Build | Mining Camp |
| 11:11 | Create | Villager (Male) |
| 11:47 | Research | Feudal Age |
| 12:00 | Build | Barracks |
| 12:43 | Create | Fishing Ship |
| 13:36 | Create | Villager (Male) |
| 13:36 | Create | Villager (Male) |
| 13:57 | Age | Feudal Age |
| 14:00 | Build | Stone Wall |
| 14:02 | Build | Stone Wall |
| 14:04 | Build | Gate |
| 14:11 | Build | Stone Wall |
| 14:21 | Build | Archery Range |
| 14:26 | Create | Villager (Male) |
| 14:37 | Build | Blacksmith |
| 15:09 | Build | Lumber Camp |
| 15:39 | Research | Castle Age |
| 16:12 | Create | Archer |
| 16:12 | Create | Archer |
| 16:29 | Build | Market |
| 16:34 | Research | Double-Bit Axe |
| 16:42 | Create | Fishing Ship |
| 17:01 | Create | Archer |
| 17:10 | Research | Horse Collar |
| 17:24 | Build | Mining Camp |
| 17:39 | Build | Mining Camp |
| 17:48 | Create | Archer |
| 18:02 | Research | Stone Mining |
| 18:04 | Research | Wheelbarrow |
| 18:19 | Age | Castle Age |
| 19:05 | Build | Town Center |
| 19:18 | Build | Farm |
| 19:18 | Build | Farm |
| 19:24 | Create | Villager (Male) |
| 19:43 | Create | Archer |
| 19:50 | Create | Villager (Male) |
| 20:06 | Build | Farm |
| 20:08 | Build | Farm |
| 20:16 | Build | Farm |
| 20:18 | Create | Villager (Male) |
| 20:35 | Build | Farm |
| 20:37 | Create | Villager (Male) |
| 20:56 | Build | Farm |
| 21:00 | Create | Villager (Male) |
| 21:12 | Create | Villager (Male) |
| 21:26 | Build | Town Center |
| 21:34 | Create | Villager (Male) |
| 21:39 | Create | Villager (Male) |
| 21:41 | Build | House |
| 21:43 | Build | House |
| 21:45 | Build | House |
| 21:46 | Build | House |
| 21:47 | Build | House |
| 21:47 | Build | House |
| 21:48 | Build | House |
| 22:04 | Build | Farm |
| 22:08 | Build | Farm |
| 22:10 | Create | Villager (Male) |
| 22:15 | Create | Villager (Male) |
| 22:23 | Build | Fish Trap |
| 22:30 | Create | Villager (Male) |
| 22:35 | Build | Fish Trap |
| 22:46 | Create | Villager (Male) |
| 22:54 | Build | Farm |
| 23:00 | Create | Villager (Male) |
| 23:08 | Build | Fish Trap |
| 23:15 | Create | Fishing Ship |
| 23:18 | Create | Villager (Male) |
| 23:35 | Create | Villager (Male) |
| 23:48 | Build | Farm |
| 23:48 | Build | Farm |
| 23:48 | Build | Farm |
| 23:48 | Build | Farm |
| 23:49 | Build | Farm |
| 23:52 | Create | Villager (Male) |
| 23:58 | Create | Villager (Male) |
| 24:10 | Create | Villager (Male) |
| 24:20 | Build | Fish Trap |
| 24:30 | Create | Villager (Male) |
| 24:33 | Create | Villager (Male) |
| 24:41 | Create | Trade Cart |
| 24:47 | Build | Farm |
| 25:02 | Research | Heavy Plow |
| 25:05 | Create | Villager (Male) |
| 25:13 | Build | Siege Workshop |
| 25:15 | Create | Villager (Male) |
| 25:21 | Create | Villager (Male) |
| 25:29 | Build | Farm |
| 25:31 | Create | Villager (Male) |
| 25:45 | Build | Castle |
| 26:01 | Build | University |
| 26:02 | Create | Villager (Male) |
| 26:02 | Create | Villager (Male) |
| 26:02 | Create | Villager (Male) |
| 26:07 | Create | Villager (Male) |
| 26:25 | Build | House |
| 26:25 | Build | House |
| 26:25 | Build | House |
| 26:26 | Build | House |
| 26:26 | Build | House |
| 26:27 | Build | House |
| 26:28 | Build | House |
| 26:30 | Create | Villager (Male) ×4 |
| 26:55 | Build | Archery Range |
| 26:59 | Build | Archery Range |
| 27:03 | Build | Stone Wall |
| 27:06 | Build | Gate |
| 27:11 | Build | Stone Wall |
| 27:14 | Build | Gate |
| 27:18 | Create | Villager (Male) |
| 27:18 | Create | Villager (Male) |
| 27:26 | Create | Mangonel |
Build order — Hypérion
First 150 of 305 actions detected
| 0:02 | Create | Villager (Male) |
| 0:02 | Create | Villager (Male) |
| 0:02 | Create | Villager (Male) |
| 0:03 | Create | Villager (Male) |
| 0:04 | Build | House |
| 0:05 | Build | House |
| 1:25 | Create | Villager (Male) |
| 1:48 | Build | Lumber Camp |
| 2:12 | Create | Villager (Male) |
| 2:40 | Create | Villager (Male) |
| 2:41 | Create | Villager (Male) |
| 2:56 | Create | Villager (Male) |
| 3:13 | Create | Villager (Male) |
| 3:41 | Build | Mill |
| 3:46 | Create | Villager (Male) |
| 4:04 | Build | House |
| 4:06 | Create | Villager (Male) |
| 4:41 | Create | Villager (Male) |
| 4:53 | Create | Villager (Male) |
| 4:53 | Create | Villager (Male) |
| 5:33 | Create | Villager (Male) |
| 5:34 | Create | Villager (Male) |
| 5:40 | Build | House |
| 6:16 | Create | Villager (Male) |
| 6:16 | Create | Villager (Male) |
| 6:35 | Create | Villager (Male) |
| 7:04 | Create | Villager (Male) |
| 7:04 | Create | Villager (Male) |
| 7:19 | Build | Mining Camp |
| 8:23 | Research | Feudal Age |
| 10:33 | Age | Feudal Age |
| 10:35 | Build | Blacksmith |
| 10:50 | Build | Market |
| 10:53 | Create | Villager (Male) |
| 10:58 | Create | Villager (Male) |
| 11:26 | Build | Dock |
| 11:50 | Research | Castle Age |
| 12:04 | Create | Fishing Ship |
| 12:25 | Create | Fishing Ship |
| 12:46 | Build | House |
| 12:57 | Build | House |
| 13:04 | Research | Double-Bit Axe |
| 13:46 | Build | House |
| 14:30 | Age | Castle Age |
| 14:32 | Build | Town Center |
| 14:39 | Create | Villager (Male) |
| 14:39 | Create | Villager (Male) |
| 14:55 | Build | Town Center |
| 15:25 | Create | Villager (Male) |
| 15:28 | Create | Villager (Male) |
| 15:34 | Build | Farm |
| 15:35 | Build | Farm |
| 15:47 | Create | Villager (Male) |
| 15:47 | Create | Villager (Male) |
| 15:49 | Build | Farm |
| 16:00 | Build | Farm |
| 16:12 | Create | Villager (Male) |
| 16:13 | Create | Villager (Male) |
| 16:19 | Create | Villager (Male) |
| 16:23 | Build | Farm |
| 16:25 | Create | Villager (Male) |
| 16:41 | Build | Farm |
| 16:46 | Build | Farm |
| 17:03 | Create | Villager (Male) |
| 17:08 | Build | Farm |
| 17:14 | Create | Villager (Male) |
| 17:15 | Create | Villager (Male) |
| 17:19 | Create | Villager (Male) |
| 17:30 | Create | Fishing Ship |
| 17:30 | Create | Fishing Ship |
| 17:30 | Create | Fishing Ship |
| 17:52 | Create | Fishing Ship |
| 17:53 | Create | Fishing Ship |
| 17:55 | Build | Farm |
| 18:00 | Create | Villager (Male) |
| 18:01 | Create | Villager (Male) |
| 18:15 | Build | Fish Trap |
| 18:24 | Create | Villager (Male) |
| 18:27 | Create | Villager (Male) |
| 18:28 | Create | Villager (Male) |
| 18:44 | Build | House |
| 18:48 | Build | House |
| 18:51 | Build | House |
| 18:52 | Build | House |
| 18:55 | Build | House |
| 19:03 | Build | Monastery |
| 19:10 | Build | Farm |
| 19:16 | Build | Fish Trap |
| 19:19 | Research | Horse Collar |
| 19:25 | Research | Bow Saw |
| 19:27 | Research | Tech 906 |
| 19:30 | Research | Tech 906 |
| 19:30 | Create | Fishing Ship |
| 19:30 | Create | Fishing Ship |
| 19:35 | Create | Villager (Male) |
| 19:40 | Build | Farm |
| 19:41 | Build | Farm |
| 19:53 | Create | Villager (Male) |
| 19:54 | Create | Monk |
| 19:58 | Create | Villager (Male) |
| 20:02 | Build | Farm |
| 20:09 | Build | Fish Trap |
| 20:20 | Build | House |
| 20:22 | Build | House |
| 20:25 | Create | Villager (Male) |
| 20:26 | Create | Villager (Male) |
| 20:34 | Create | Fishing Ship |
| 21:01 | Build | Farm |
| 21:02 | Create | Villager (Male) |
| 21:05 | Research | Wheelbarrow |
| 21:19 | Build | Fish Trap |
| 21:24 | Research | Gillnets |
| 21:25 | Create | Fishing Ship |
| 21:34 | Build | Mining Camp |
| 21:40 | Build | Mining Camp |
| 21:44 | Create | Villager (Male) |
| 21:48 | Build | Fish Trap |
| 21:54 | Create | Fishing Ship |
| 21:55 | Create | Villager (Male) |
| 21:56 | Create | Villager (Male) |
| 21:57 | Create | Villager (Male) |
| 21:57 | Create | Villager (Male) |
| 22:06 | Build | House |
| 22:13 | Build | House |
| 22:15 | Build | House |
| 22:17 | Build | House |
| 22:18 | Build | House |
| 22:19 | Build | House |
| 22:23 | Create | Villager (Male) |
| 22:25 | Create | Villager (Male) |
| 22:31 | Build | Farm |
| 22:43 | Build | Fish Trap |
| 22:48 | Create | Fishing Ship |
| 22:51 | Research | Horse Collar |
| 22:54 | Create | Villager (Male) |
| 22:55 | Create | Villager (Male) |
| 22:56 | Create | Villager (Male) |
| 22:59 | Build | Farm |
| 23:13 | Create | Villager (Male) |
| 23:15 | Create | Villager (Male) |
| 23:15 | Create | Villager (Male) |
| 23:36 | Build | Fish Trap |
| 24:06 | Create | Villager (Male) |
| 24:08 | Create | Villager (Male) |
| 24:08 | Create | Villager (Male) |
| 24:15 | Build | Fish Trap |
| 24:26 | Create | Villager (Male) |
| 24:26 | Create | Villager (Male) |
| 24:28 | Create | Villager (Male) |
| 24:37 | Build | Farm |
Build order — DeadpanFox71524
First 150 of 507 actions detected
| 0:06 | Build | House |
| 0:10 | Build | House |
| 0:20 | Create | Villager (Male) |
| 0:20 | Create | Villager (Male) |
| 0:21 | Create | Villager (Male) |
| 0:21 | Create | Villager (Male) |
| 0:21 | Create | Villager (Male) |
| 1:44 | Create | Villager (Male) |
| 2:08 | Build | Settlement |
| 2:25 | Create | Villager (Male) |
| 2:40 | Create | Villager (Male) |
| 3:07 | Create | Villager (Male) |
| 3:31 | Create | Villager (Male) |
| 4:01 | Create | Villager (Male) |
| 4:01 | Create | Villager (Male) |
| 4:28 | Create | Villager (Male) |
| 4:45 | Build | Settlement |
| 5:08 | Create | Villager (Male) |
| 5:08 | Create | Villager (Male) |
| 5:57 | Create | Villager (Male) |
| 6:23 | Create | Villager (Male) |
| 6:23 | Create | Villager (Male) |
| 6:51 | Create | Villager (Male) |
| 7:21 | Create | Villager (Male) |
| 8:01 | Create | Villager (Male) |
| 8:29 | Create | Villager (Male) |
| 8:29 | Create | Villager (Male) |
| 9:01 | Build | House |
| 9:05 | Build | House |
| 9:17 | Research | Feudal Age |
| 9:43 | Build | Settlement |
| 11:12 | Create | Villager (Male) |
| 11:12 | Create | Villager (Male) |
| 11:12 | Create | Villager (Male) |
| 11:50 | Build | Market |
| 11:56 | Build | Blacksmith |
| 12:32 | Research | Loom |
| 13:26 | Research | Castle Age |
| 13:53 | Research | Double-Bit Axe |
| 14:00 | Research | Horse Collar |
| 14:23 | Build | Farm |
| 14:24 | Build | Farm |
| 15:33 | Build | Barracks |
| 15:52 | Build | Farm |
| 15:53 | Build | Farm |
| 15:53 | Build | Farm |
| 15:53 | Build | Farm |
| 15:53 | Build | Farm |
| 15:54 | Build | Farm |
| 15:54 | Build | Farm |
| 15:54 | Build | Farm |
| 15:54 | Build | Farm |
| 15:57 | Create | Villager (Male) |
| 15:57 | Create | Villager (Male) |
| 16:31 | Build | Farm |
| 16:31 | Build | Farm |
| 16:39 | Create | Villager (Male) |
| 16:56 | Build | Monastery |
| 17:17 | Create | Villager (Male) |
| 17:17 | Create | Villager (Male) |
| 17:46 | Build | Town Center |
| 17:51 | Create | Villager (Male) |
| 17:55 | Create | Monk |
| 18:13 | Create | Villager (Male) |
| 18:21 | Build | Farm |
| 18:21 | Build | Farm |
| 18:21 | Build | Farm |
| 18:22 | Build | Farm |
| 18:22 | Build | Farm |
| 18:22 | Build | Farm |
| 18:28 | Create | Monk |
| 18:35 | Build | Farm |
| 18:54 | Create | Monk |
| 19:03 | Create | Villager (Male) |
| 19:03 | Create | Villager (Male) |
| 19:42 | Create | Villager (Male) |
| 19:42 | Create | Villager (Male) |
| 19:56 | Build | Town Center |
| 20:01 | Create | Villager (Male) |
| 20:01 | Create | Villager (Male) |
| 20:18 | Create | Villager (Male) |
| 20:42 | Create | Villager (Male) |
| 20:42 | Create | Villager (Male) |
| 20:52 | Build | House |
| 20:55 | Build | House |
| 21:07 | Research | Town Watch |
| 21:09 | Research | Wheelbarrow |
| 21:21 | Build | Farm |
| 21:21 | Build | Farm |
| 21:21 | Build | Farm |
| 21:21 | Build | Farm |
| 21:23 | Build | Farm |
| 21:32 | Create | Monk |
| 21:41 | Create | Villager (Male) |
| 21:41 | Create | Villager (Male) |
| 22:04 | Create | Villager (Male) |
| 22:04 | Create | Villager (Male) |
| 22:10 | Create | Villager (Male) |
| 22:10 | Create | Villager (Male) |
| 22:10 | Create | Villager (Male) |
| 22:36 | Create | Villager (Male) |
| 22:42 | Create | Villager (Male) |
| 22:42 | Create | Villager (Male) |
| 22:43 | Create | Villager (Male) |
| 22:52 | Build | Farm |
| 22:52 | Build | Farm |
| 22:52 | Build | Farm |
| 22:53 | Build | Farm |
| 22:54 | Build | Farm |
| 23:04 | Create | Monk |
| 23:49 | Create | Villager (Male) |
| 23:49 | Create | Villager (Male) |
| 23:54 | Build | House |
| 23:56 | Build | House |
| 24:05 | Research | Hand Cart |
| 24:09 | Create | Villager (Male) |
| 24:09 | Create | Villager (Male) |
| 24:22 | Build | Farm |
| 24:22 | Build | Farm |
| 24:23 | Build | Farm |
| 24:24 | Build | Farm |
| 24:25 | Build | Farm |
| 24:26 | Build | Farm |
| 24:27 | Build | Farm |
| 24:28 | Build | Farm |
| 24:29 | Build | Farm |
| 24:29 | Build | Farm |
| 24:32 | Create | Villager (Male) |
| 24:32 | Create | Villager (Male) |
| 25:13 | Create | Villager (Male) |
| 25:14 | Create | Villager (Male) |
| 25:14 | Create | Villager (Male) |
| 25:31 | Build | Barracks |
| 25:35 | Build | Barracks |
| 25:51 | Create | Villager (Male) |
| 25:52 | Create | Villager (Male) |
| 25:53 | Create | Villager (Male) |
| 25:54 | Create | Villager (Male) |
| 26:03 | Build | House |
| 26:03 | Build | House |
| 26:04 | Build | House |
| 26:04 | Build | House |
| 26:04 | Build | House |
| 26:30 | Build | Siege Workshop |
| 26:36 | Create | Villager (Male) |
| 26:36 | Create | Villager (Male) |
| 26:36 | Create | Villager (Male) |
| 26:50 | Research | Forging |
| 26:51 | Research | Scale Mail Armor |
| 27:16 | Create | Villager (Male) |
Build order — agnak3
First 150 of 312 actions detected
| 0:02 | Create | Villager (Male) ×4 |
| 0:02 | Create | Villager (Male) ×4 |
| 0:04 | Build | House |
| 0:06 | Build | House |
| 1:26 | Create | Villager (Male) |
| 1:26 | Create | Villager (Male) |
| 2:03 | Create | Villager (Male) |
| 2:03 | Create | Villager (Male) |
| 2:12 | Build | Lumber Camp |
| 2:15 | Create | Villager (Male) |
| 2:15 | Create | Villager (Male) |
| 2:47 | Create | Villager (Male) |
| 2:47 | Create | Villager (Male) |
| 3:11 | Create | Villager (Male) |
| 3:11 | Create | Villager (Male) |
| 3:26 | Build | House |
| 3:46 | Create | Villager (Male) |
| 3:47 | Create | Villager (Male) |
| 4:01 | Build | House |
| 4:20 | Create | Villager (Male) |
| 4:48 | Build | Mill |
| 5:00 | Create | Villager (Male) |
| 5:18 | Create | Villager (Male) |
| 5:40 | Create | Villager (Male) |
| 5:58 | Create | Villager (Male) |
| 6:27 | Create | Villager (Male) |
| 6:49 | Create | Villager (Male) |
| 7:26 | Create | Villager (Male) |
| 7:34 | Build | Mill |
| 7:50 | Create | Villager (Male) |
| 8:18 | Create | Villager (Male) |
| 8:22 | Build | Farm |
| 8:24 | Build | Farm |
| 8:28 | Build | Farm |
| 8:39 | Create | Villager (Male) |
| 9:10 | Build | Mining Camp |
| 9:13 | Research | Feudal Age |
| 9:14 | Research | Feudal Age |
| 9:29 | Build | Farm |
| 9:36 | Build | Farm |
| 9:53 | Build | House |
| 10:04 | Build | House |
| 10:10 | Create | Villager (Male) |
| 11:14 | Create | Villager (Male) |
| 11:23 | Age | Feudal Age |
| 11:34 | Build | Blacksmith |
| 11:45 | Build | Market |
| 12:03 | Build | Farm |
| 12:12 | Create | Villager (Male) |
| 12:47 | Build | Farm |
| 12:59 | Build | Farm |
| 13:01 | Research | Castle Age |
| 13:06 | Research | Double-Bit Axe |
| 13:23 | Build | House |
| 14:17 | Research | Horse Collar |
| 14:21 | Create | Villager (Male) |
| 14:28 | Build | House |
| 15:41 | Age | Castle Age |
| 15:51 | Build | Town Center |
| 16:00 | Create | Villager (Male) |
| 16:14 | Create | Villager (Male) |
| 16:57 | Create | Villager (Male) |
| 16:58 | Create | Villager (Male) |
| 17:08 | Build | Town Center |
| 17:16 | Create | Villager (Male) |
| 17:16 | Create | Villager (Male) |
| 17:20 | Create | Villager (Male) ×5 |
| 17:37 | Build | Farm |
| 17:50 | Research | Town Watch |
| 17:57 | Research | Loom |
| 18:07 | Build | Farm |
| 18:12 | Create | Villager (Male) ×5 |
| 18:17 | Build | Farm |
| 18:44 | Create | Villager (Male) ×5 |
| 19:06 | Build | Monastery |
| 19:08 | Create | Villager (Male) ×5 |
| 19:18 | Build | Farm |
| 19:31 | Research | Bow Saw |
| 19:37 | Create | Villager (Male) |
| 19:50 | Build | Farm |
| 19:54 | Create | Monk |
| 19:55 | Create | Monk |
| 20:05 | Build | Farm |
| 20:28 | Build | House |
| 20:30 | Build | House |
| 20:35 | Research | Wheelbarrow |
| 20:43 | Build | Farm |
| 20:52 | Build | Farm |
| 20:52 | Build | Farm |
| 20:53 | Build | Farm |
| 20:53 | Build | Farm |
| 21:04 | Create | Villager (Male) |
| 21:18 | Build | Mining Camp |
| 21:23 | Build | House |
| 21:24 | Build | House |
| 21:28 | Create | Villager (Male) ×5 |
| 21:32 | Build | Farm |
| 21:35 | Build | Farm |
| 21:36 | Build | Farm |
| 21:37 | Build | Farm |
| 21:43 | Create | Villager (Male) ×2 |
| 22:08 | Research | Heavy Plow |
| 22:16 | Build | Mining Camp |
| 22:34 | Build | Town Center |
| 22:39 | Create | Villager (Male) ×4 |
| 23:09 | Create | Villager (Male) ×4 |
| 23:12 | Build | Farm |
| 23:20 | Build | Farm |
| 23:27 | Create | Villager (Male) ×3 |
| 23:37 | Build | House |
| 23:39 | Build | House |
| 23:41 | Build | House |
| 23:48 | Create | Villager (Male) |
| 23:48 | Create | Villager (Male) |
| 23:52 | Build | Farm |
| 23:53 | Build | Farm |
| 23:53 | Build | Farm |
| 23:54 | Build | Farm |
| 23:56 | Build | Farm |
| 23:57 | Build | Farm |
| 23:57 | Build | Farm |
| 23:58 | Build | Farm |
| 24:08 | Create | Villager (Male) ×4 |
| 24:12 | Build | Farm |
| 24:13 | Build | Farm |
| 24:13 | Build | Farm |
| 24:13 | Build | Farm |
| 24:13 | Build | Farm |
| 24:14 | Build | Farm |
| 24:14 | Build | Farm |
| 24:14 | Build | Farm |
| 24:15 | Build | Farm |
| 24:16 | Build | Farm |
| 24:21 | Create | Villager (Male) ×2 |
| 24:27 | Build | Farm |
| 24:34 | Create | Villager (Male) ×3 |
| 25:10 | Build | Market |
| 25:21 | Build | House |
| 25:22 | Build | House |
| 25:24 | Build | House |
| 25:26 | Build | House |
| 25:30 | Create | Villager (Male) ×5 |
| 25:55 | Build | Market |
| 26:06 | Create | Villager (Male) ×5 |
| 26:26 | Research | Gold Mining |
| 26:27 | Research | Stone Mining |
| 26:33 | Create | Villager (Male) ×5 |
| 26:37 | Research | Hand Cart |
| 26:44 | Create | Villager (Male) ×5 |
| 26:50 | Build | Farm |
Build order — Killer_Master69
First 150 of 340 actions detected
| 0:03 | Create | Villager (Male) |
| 0:03 | Create | Villager (Male) |
| 0:03 | Create | Villager (Male) |
| 0:05 | Build | House |
| 0:07 | Build | House |
| 0:16 | Research | Loom |
| 1:07 | Build | Palisade Wall |
| 1:23 | Create | Villager (Male) |
| 1:23 | Create | Villager (Male) |
| 1:24 | Create | Villager (Male) |
| 1:38 | Create | Villager (Male) |
| 2:22 | Create | Villager (Male) |
| 2:44 | Create | Villager (Male) |
| 2:45 | Create | Villager (Male) |
| 3:12 | Build | House |
| 3:30 | Create | Villager (Male) |
| 3:30 | Create | Villager (Male) |
| 3:35 | Create | Villager (Male) |
| 3:35 | Create | Villager (Male) |
| 4:25 | Create | Villager (Male) |
| 4:25 | Create | Villager (Male) |
| 5:21 | Create | Villager (Male) |
| 5:21 | Create | Villager (Male) |
| 6:00 | Build | Lumber Camp |
| 6:05 | Create | Villager (Male) |
| 6:31 | Create | Villager (Male) |
| 7:00 | Create | Villager (Male) |
| 7:23 | Create | Villager (Male) |
| 7:35 | Build | House |
| 8:07 | Create | Villager (Male) |
| 8:18 | Build | Mill |
| 8:38 | Create | Villager (Male) |
| 9:05 | Research | Feudal Age |
| 9:06 | Research | Feudal Age |
| 9:38 | Build | Mining Camp |
| 10:01 | Create | Villager (Male) |
| 10:10 | Build | House |
| 11:15 | Age | Feudal Age |
| 11:27 | Build | Stone Wall |
| 11:31 | Create | Villager (Male) |
| 12:01 | Research | Double-Bit Axe |
| 12:05 | Build | Market |
| 12:29 | Create | Villager (Male) |
| 12:40 | Create | Villager (Male) |
| 12:56 | Create | Villager (Male) |
| 13:21 | Create | Villager (Male) |
| 13:26 | Build | House |
| 13:28 | Build | House |
| 13:31 | Create | Villager (Male) |
| 13:41 | Build | Farm |
| 13:45 | Build | Farm |
| 13:47 | Build | Farm |
| 14:14 | Build | Farm |
| 14:20 | Build | Farm |
| 14:24 | Build | Farm |
| 14:25 | Create | Villager (Male) |
| 14:56 | Build | Blacksmith |
| 15:04 | Build | Farm |
| 15:07 | Create | Villager (Male) |
| 15:31 | Create | Villager (Male) |
| 16:20 | Research | Castle Age |
| 16:20 | Research | Castle Age |
| 16:20 | Build | Farm |
| 16:24 | Build | Farm |
| 16:25 | Build | Farm |
| 16:28 | Build | Farm |
| 16:30 | Build | Farm |
| 16:33 | Build | Farm |
| 16:59 | Build | Mining Camp |
| 17:27 | Research | Wheelbarrow |
| 18:12 | Research | Gold Mining |
| 19:00 | Age | Castle Age |
| 19:03 | Build | Town Center |
| 19:13 | Create | Villager (Male) |
| 19:44 | Create | Villager (Male) |
| 19:44 | Create | Villager (Male) |
| 20:04 | Create | Villager (Male) |
| 20:04 | Create | Villager (Male) |
| 20:13 | Build | Farm |
| 20:36 | Create | Villager (Male) |
| 20:43 | Build | Farm |
| 20:43 | Build | Farm |
| 20:51 | Create | Villager (Male) |
| 21:02 | Create | Villager (Male) |
| 21:14 | Create | Villager (Male) |
| 21:23 | Build | Farm |
| 21:29 | Create | Villager (Male) |
| 21:45 | Create | Villager (Male) |
| 21:53 | Create | Villager (Male) |
| 22:00 | Build | House |
| 22:01 | Build | House |
| 22:08 | Create | Villager (Male) |
| 22:20 | Build | Monastery |
| 22:23 | Create | Villager (Male) |
| 22:34 | Build | Farm |
| 22:46 | Create | Villager (Male) |
| 22:48 | Create | Villager (Male) |
| 23:04 | Create | Villager (Male) |
| 23:07 | Create | Villager (Male) |
| 23:08 | Create | Monk |
| 23:22 | Create | Villager (Male) |
| 23:41 | Build | Farm |
| 23:48 | Create | Villager (Male) |
| 23:51 | Create | Villager (Male) |
| 24:04 | Create | Villager (Male) |
| 24:09 | Build | House |
| 24:14 | Build | House |
| 24:17 | Build | Castle |
| 24:27 | Build | Castle |
| 24:30 | Create | Villager (Male) |
| 24:47 | Create | Villager (Male) |
| 25:04 | Create | Villager (Male) |
| 25:08 | Create | Villager (Male) |
| 25:29 | Research | Imperial Age |
| 25:30 | Create | Villager (Male) |
| 25:53 | Build | Lumber Camp |
| 25:53 | Create | Villager (Male) |
| 26:06 | Build | Farm |
| 26:11 | Build | Farm |
| 26:13 | Build | Farm |
| 26:22 | Create | Villager (Male) |
| 26:28 | Build | Siege Workshop |
| 26:42 | Create | Villager (Male) |
| 26:51 | Create | Cataphract |
| 26:52 | Create | Cataphract |
| 26:52 | Create | Cataphract |
| 26:52 | Create | Cataphract |
| 27:24 | Create | Villager (Male) |
| 27:33 | Build | Farm |
| 27:34 | Build | Farm |
| 27:34 | Build | Farm |
| 27:36 | Build | Farm |
| 27:37 | Build | Farm |
| 27:41 | Create | Villager (Male) |
| 28:08 | Create | Villager (Male) |
| 28:28 | Create | Villager (Male) |
| 28:39 | Age | Imperial Age |
| 28:45 | Research | Onager (upgrade) |
| 28:46 | Create | Mangonel |
| 28:50 | Create | Villager (Male) |
| 28:52 | Create | Cataphract |
| 28:59 | Create | Villager (Male) |
| 29:01 | Create | Villager (Male) |
| 29:24 | Build | Barracks |
| 29:27 | Create | Villager (Male) |
| 29:27 | Create | Villager (Male) |
| 29:41 | Research | Fletching |
| 29:42 | Research | Padded Archer Armor |
| 29:50 | Create | Mangonel |
| 29:51 | Create | Villager (Male) |
Match timeline
| 0:17 | Tomuszek · wall_segment Palisade Wall x14 |
| 0:27 | Tomuszek · wall_segment Palisade Wall x10 |
| 0:30 | Turcotaure · wall_segment Palisade Wall x15 |
| 0:44 | Turcotaure · wall_segment Palisade Wall x11 |
| 1:07 | Killer_Master69 · wall_segment Palisade Wall x9 |
| 1:35 | RASHTRAKOOTA · wall_segment Palisade Wall x11 |
| 2:25 | RASHTRAKOOTA · wall_segment Palisade Wall x2 |
| 2:28 | Tomuszek · wall_segment Palisade Wall x6 |
| 2:30 | RASHTRAKOOTA · wall_segment Palisade Wall x1 |
| 2:31 | Turcotaure · wall_segment Palisade Wall x1 |
| 3:00 | RASHTRAKOOTA · wall_segment Palisade Wall x12 |
| 7:45 | RASHTRAKOOTA · first_building Dock |
| 9:45 | Turcotaure · first_building Dock |
| 10:33 | Hypérion · age_up feudal |
| 11:15 | Killer_Master69 · age_up feudal |
| 11:23 | agnak3 · age_up feudal |
| 11:26 | Hypérion · first_building Dock |
| 11:27 | Killer_Master69 · wall_segment Stone Wall x10 |
| 11:54 | Wlochaty Dzik · age_up feudal |
| 12:00 | Turcotaure · first_building Barracks |
| 13:19 | DeadpanFox71524 · first_market_sell 100 wood |
| 13:22 | DeadpanFox71524 · first_market_buy 100 food |
| 13:57 | Turcotaure · age_up feudal |
| 14:00 | Turcotaure · wall_segment Stone Wall x14 |
| 14:02 | Turcotaure · wall_segment Stone Wall x10 |
| 14:11 | Turcotaure · wall_segment Stone Wall x16 |
| 14:21 | Turcotaure · first_building Archery Range |
| 14:30 | Hypérion · age_up castle |
| 14:35 | Tomuszek · age_up feudal |
| 14:42 | Wlochaty Dzik · first_market_buy 100 food |
| 15:22 | Wlochaty Dzik · first_market_sell 100 wood |
| 15:33 | DeadpanFox71524 · first_building Barracks |
| 15:33 | Killer_Master69 · first_market_sell 100 wood |
| 15:41 | agnak3 · age_up castle |
| 16:00 | Wlochaty Dzik · first_building Barracks |
| 16:11 | Hypérion · first_market_buy 100 food |
| 16:56 | DeadpanFox71524 · first_building Monastery |
| 17:59 | RASHTRAKOOTA · wall_segment Stone Wall x11 |
| 18:03 | Wlochaty Dzik · age_up castle |
| 18:19 | Turcotaure · age_up castle |
| 18:41 | Tomuszek · wall_segment Stone Wall x9 |
| 18:53 | Tomuszek · wall_segment Stone Wall x14 |
| 18:55 | Tomuszek · age_up castle |
| 18:56 | Tomuszek · wall_segment Stone Wall x9 |
| 19:00 | Killer_Master69 · age_up castle |
| 19:03 | Hypérion · first_building Monastery |
| 19:06 | agnak3 · first_building Monastery |
| 19:27 | RASHTRAKOOTA · first_building Monastery |
| 20:29 | RASHTRAKOOTA · first_building Siege Workshop |
| 22:17 | RASHTRAKOOTA · first_building Barracks |
| 22:20 | Killer_Master69 · first_building Monastery |
| 22:24 | agnak3 · first_market_buy 500 stone |
| 22:54 | Tomuszek · first_building Castle |
| 23:18 | RASHTRAKOOTA · first_building Archery Range |
| 23:23 | Tomuszek · first_building Monastery |
| 23:28 | Wlochaty Dzik · first_building Siege Workshop |
| 23:33 | Wlochaty Dzik · first_building Archery Range |
| 24:05 | Wlochaty Dzik · first_building Monastery |
| 24:17 | Killer_Master69 · first_building Castle |
| 25:13 | Turcotaure · first_building Siege Workshop |
| 25:45 | Turcotaure · first_building Castle |
| 26:00 | Wlochaty Dzik · wall_segment Stone Wall x9 |
| 26:14 | Hypérion · tribute_sent a jugador 1 |
| 26:14 | Hypérion · tribute_sent a jugador 2 |
| 26:14 | Hypérion · tribute_sent a jugador 3 |
| 26:14 | Hypérion · tribute_sent a jugador 4 |
| 26:14 | Hypérion · tribute_sent a jugador 6 |
| 26:14 | Hypérion · tribute_sent a jugador 7 |
| 26:14 | Hypérion · tribute_sent a jugador 8 |
| 26:28 | Killer_Master69 · first_building Siege Workshop |
| 26:30 | DeadpanFox71524 · first_building Siege Workshop |
| 27:03 | Turcotaure · wall_segment Stone Wall x7 |
| 27:11 | Turcotaure · wall_segment Stone Wall x5 |
| 27:39 | Turcotaure · first_building Monastery |
| 27:54 | Hypérion · first_building Castle |
| 27:56 | agnak3 · first_building Castle |
| 28:12 | Killer_Master69 · first_market_buy 100 food |
| 28:39 | Killer_Master69 · age_up imperial |
| 28:42 | RASHTRAKOOTA · first_market_sell 100 food |
| 29:15 | Tomuszek · first_building Siege Workshop |
| 29:24 | Killer_Master69 · first_building Barracks |
| 29:57 | Hypérion · first_building Barracks |
| 30:07 | Killer_Master69 · first_building Archery Range |
| 30:11 | Hypérion · wall_segment Stone Wall x9 |
| 30:14 | Turcotaure · wall_segment Stone Wall x6 |
| 30:26 | Hypérion · age_up imperial |
| 30:45 | Hypérion · first_building Archery Range |
| 31:01 | agnak3 · first_building Stable |
| 31:26 | Tomuszek · first_building Barracks |
| 31:35 | agnak3 · age_up imperial |
| 32:32 | Hypérion · first_building Siege Workshop |
| 32:49 | Wlochaty Dzik · age_up imperial |
| 33:06 | Tomuszek · age_up imperial |
| 33:29 | DeadpanFox71524 · first_building Archery Range |
| 35:11 | Hypérion · wall_segment Stone Wall x12 |
| 35:38 | Hypérion · wall_segment Stone Wall x11 |
| 36:13 | Turcotaure · age_up imperial |
| 36:31 | Wlochaty Dzik · first_building Castle |
| 36:38 | Wlochaty Dzik · wall_segment Stone Wall x10 |
| 36:42 | Hypérion · wall_segment Stone Wall x12 |
| 37:15 | agnak3 · wall_segment Stone Wall x3 |
| 38:27 | RASHTRAKOOTA · first_building Stable |
| 38:45 | Turcotaure · first_market_sell 100 food |
| 39:19 | DeadpanFox71524 · first_building Castle |
| 39:59 | RASHTRAKOOTA · first_building Castle |
| 42:38 | Wlochaty Dzik · resign |
[ AI ANALYSIS · 1 CREDIT ]
What really happened in this match?
Wolo.gg analyzes every decision: build order, eco, micro, common mistakes by bracket. Personalized analysis on WhatsApp or Discord in 30 seconds.
Civ guide
Chinese
Perfil
Jugador #3361361